 Dungeon Crawl Stone Soup version 0.25-a0-185-g6cfeca75b2 (webtiles) character file.

Game seed: 7224332230405093685, levelgen mode: deterministic

96 MrRokkomies the Skirmisher (level 4, 0/40 HPs)
             Began as a Ghoul Abyssal Knight on Nov 28, 2019.
             Was a Believer of Lugonu.
             Slain by Purgy (2 damage)
             ... on level 3 of the Dungeon.
             The game lasted 00:04:39 (2037 turns).

MrRokkomies the Skirmisher (Ghoul Abyssal Knight)   Turns: 2037, Time: 00:04:40

Health: 0/40       AC:  6    Str: 16    XL:     4   Next: 67%
Magic:  4/4        EV: 11    Int: 12    God:    Lugonu [**....]
Gold:   127        SH:  0    Dex:  8    Spells: 3/3 levels left

rFire    . . .     SeeInvis .   a - +1 mace
rCold    + . .     Gourm    .   (no shield)
rNeg     + + +     Faith    .   f - +1 ring mail
rPois    ∞         Spirit   .   (no helmet)
rElec    .         Reflect  .   (no cloak)
rCorr    .         Harm     .   (no gloves)
MR       .....                  (no boots)
Stlth    ..........             (no amulet)
HPRegen  0.00/turn              (no ring)
MPRegen  0.09/turn              (no ring)

@: brilliant, rotting
A: rotting body, claws 1, carnivore, cold resistance 1, negative energy
resistance 3, inhibited regeneration, torment resistance, unbreathing
a: Depart the Abyss, Bend Space, Renounce Religion


You were on level 3 of the Dungeon.
You worshipped Lugonu.
Lugonu was pleased with you.
You were not hungry.

You visited 1 branch of the dungeon, and saw 3 of its levels.
You visited the Abyss 1 time.

You collected 127 gold pieces.

Inventory:

Hand Weapons
 a - a +1 mace (weapon)
Missiles
 e - 28 bolts
Armour
 f - a +1 ring mail (worn)
Wands
 l - a wand of flame (21)
Scrolls
 k - a scroll of remove curse
Potions
 m - a potion of curing {unknown}
Comestibles
 c - 4 rations


   Skills:
 * Level 4.3 Fighting
 * Level 2.8 Maces & Flails
 - Level 1.7 Armour
 + Level 1.6 Dodging
 + Level 2.6 Invocations


You had 3 spell levels left.
You didn't know any spells.
Your spell library was empty.

Dungeon Overview and Level Annotations

Branches:
Dungeon (3/15)

Altars:

Annotations:
D:3 Purgy


Innate Abilities, Weirdness & Mutations

Your body is rotting away.
You thrive on raw meat.
You are immune to poison.
You have sharp fingernails.
You are carnivorous and can eat meat at any time.
Your flesh is cold resistant. (rC+)
You are immune to negative energy. (rN+++)
You do not regenerate when monsters are visible.
You are immune to unholy pain and torment.
You can survive without breathing.


Message History

As you read the scroll labeled WIQASTR ZARHI, it crumbles to dust.
You hear a loud clanging noise!
It was a scroll of noise.
Purgy hisses menacingly.
Purgy bites you.
* * * LOW HITPOINT WARNING * * *
Purgy claws you but does no damage. x2
As you read the scroll labeled MUSAWN PIRAQARAU, it crumbles to dust.
It is a scroll of enchant armour.
Your +0 ring mail glows green for a moment.
Purgy bites you but does no damage. Purgy misses you. Purgy claws you.
* * * LOW HITPOINT WARNING * * *
It was a potion of magic.
Magic courses through your body.
Purgy barely misses you. x2; Purgy closely misses you.
It was a potion of brilliance.
You feel clever all of a sudden. Purgy bites you!
* * * LOW HITPOINT WARNING * * *
Purgy claws you.
You die...

#T #. #.
#.######
#.T....#
######.#
#.# #T#
#@# ###


You could see Purgy.

Vanquished Creatures
  3 adders (D:2)
  A worm (D:2)
  8 bats
  3 giant cockroaches
  9 goblins
  4 hobgoblins
  12 jackals
  A quokka (D:2)
  2 ball pythons
  7 frilled lizards
  4 kobolds
  6 rats
60 creatures vanquished.

Notes
Turn   | Place    | Note
-------+----------+-------------------------------------------
     0 | Abyss:1  | MrRokkomies the Ghoul Abyssal Knight began the quest for
                  | the Orb.
     0 | Abyss:1  | Reached XP level 1. HP: 19/19 MP: 1/1
   116 | Abyss:1  | Noticed a jelly
   136 | Abyss:1  | Noticed an iron imp
   150 | Abyss:1  | Noticed a bone dragon
   177 | Abyss:1  | Noticed a bone dragon
   179 | D:1      | Escaped the Abyss
   268 | D:1      | Reached skill level 1 in Dodging
   303 | D:1      | Reached XP level 2. HP: 24/26 MP: 2/2
   427 | D:1      | Reached * piety under Lugonu
   633 | D:1      | Reached XP level 3. HP: 29/33 MP: 3/3
  1125 | D:2      | Reached skill level 4 in Fighting
  1178 | D:2      | Reached XP level 4. HP: 33/40 MP: 4/4
  1191 | D:2      | Reached ** piety under Lugonu
  2003 | D:3      | Noticed Purgy
  2037 | D:3      | HP: 2/40 [Purgy (7)]
  2037 | D:3      | Slain by Purgy

Levels and vault maps discovered:
D:1:      minmay_arrival_floating_metal, layout_basic
D:2:      layout_basic
D:3:      layout_basic, xom_redecorated, uniq_purgy

Skill      XL: |  1  2  3 |
---------------+----------+-----
Dodging        | 1 |  1.6
Maces & Flails | 2 |  2.8
Fighting       | 4 |  4.3
Armour         | |  1.7
Invocations    | |  2.6

Action                   |  1- 3 |  4- 6 || total
-------------------------+-------+-------++-------
Melee: Mace              |   133 |    89 ||   222
Invok: Depart the Abyss  |     1 |       ||     1
  Use: Scroll            |     2 |     3 ||     5
       Potion            |       |     3 ||     3
  Eat: Chunk             |    10 |     3 ||    13
Armor: Ring mail         |    75 |    64 ||   139
Dodge: Dodged            |   107 |    73 ||   180

Table legend:
 A = Non-vault XP
 B = Vault XP
 C = Vault XP percentage of total XP
 D = Non-vault monster count
 E = Vault monster count
 F = Vault count percentage of total count
                 A         B        C        D         E       F
            +---------+---------+-------+---------+---------+-------
      Total |     138 |       0 |   0.0 |      60 |       0 |   0.0
            +---------+---------+-------+---------+---------+-------
        D:1 |      57 |       0 |   0.0 |      35 |       0 |   0.0
        D:2 |      81 |       0 |   0.0 |      25 |       0 |   0.0
            +---------+---------+-------+---------+---------+-------
